 Dungeon Crawl Stone Soup version 0.29.0-11-gd7f09526c8 (webtiles) character file.

Game seed: 13129993128153102968

15 SensoryNuts the Trooper (level 2, -1/24 HPs)
             Began as a Demonspawn Fighter on Sept 3, 2022.
             Slain by a jackal (2 damage)
             ... on level 1 of the Dungeon.
             The game lasted 00:00:39 (974 turns).

SensoryNuts the Trooper (Demonspawn Fighter)         Turns: 974, Time: 00:00:40

Health: -1/24      AC:  7    Str: 16    XL:     2   Next: 34%
Magic:  2/2        EV:  8    Int:  9    God:
Gold:   16         SH:  4    Dex: 12    Spells: 1/1 levels left

rFire   . . .      SeeInvis .   a - +0 long sword
rCold   . . .      Faith    .   c - +0 buckler
rNeg    . . .      Spirit   .   b - +0 scale mail
rPois   .          Reflect  .   (no helmet)
rElec   .          Harm     .   (no cloak)
rCorr   .          Rampage  .   (no gloves)
Will    .....                   h - +0 pair of boots
Stlth   ..........              (no amulet)
HPRegen 0.08/turn               (no ring)
MPRegen 0.08/turn               (no ring)

@: no status effects
A: weakness stinger 1
a: no special abilities


You were on level 1 of the Dungeon.
You visited 1 branch of the dungeon, and saw 2 of its levels.

You collected 16 gold pieces.

Inventory:

Hand Weapons
 a - a +0 long sword (weapon)
Armour
 b - a +0 scale mail (worn)
 c - a +0 buckler (worn)
 h - a +0 pair of boots (worn)
Scrolls
 e - 4 scrolls of identify {unknown}
 g - a scroll of fog {unknown}
 j - a scroll of magic mapping {unknown}
Potions
 d - a potion of might
 f - 2 potions of curing {unknown}
 i - a potion of heal wounds {unknown}


   Skills:
 + Level 3.2 Fighting
 * Level 1.9 Long Blades
 + Level 2.9 Armour
 + Level 2.9 Shields


You had one spell level left.
You didn't know any spells.
Your spell library was empty.

Dungeon Overview and Level Annotations

Branches:
Dungeon (2/15)

Altars:

Shops:
D:1 *


Innate Abilities, Weirdness & Mutations

You have a small tail.


Message History

You climb upwards.
There is a stone staircase leading down here.
You hit the jackal. You tail-slap the jackal.
You kill the jackal!
The jackal bites you. The jackal closely misses you.
You are too injured to fight recklessly!
You are too injured to fight recklessly!
You are too injured to fight recklessly!
You are too injured to fight recklessly!
You are too injured to fight recklessly!
You are too injured to fight recklessly!
You are too injured to fight recklessly!
You are too injured to fight recklessly!
You are too injured to fight recklessly!
You are too injured to fight recklessly!
You are too injured to fight recklessly!
You are too injured to fight recklessly!
You are too injured to fight recklessly!
Unknown command.
You hit the jackal.
The jackal is lightly wounded.
The jackal bites you.
The jackal bites you but does no damage.
You block the jackal's attack. The jackal barely misses you.
You closely miss the jackal.
The jackal is lightly wounded.
The jackal bites you but does no damage. x2
The jackal closely misses you. You block the jackal's attack.
You closely miss the jackal. You block the jackal's attack.
The jackal bites you.
* * * LOW HITPOINT WARNING * * *
The jackal bites you but does no damage.
The jackal bites you.
* * * LOW HITPOINT WARNING * * *
You miss the jackal. The jackal bites you.
* * * LOW HITPOINT WARNING * * *
The jackal closely misses you. The jackal bites you.
* * * LOW HITPOINT WARNING * * *
The jackal bites you.
You die...

#.....## #.# #.#.#
#..#### #.# #.#..
#..# #.# #.... #..#
#.# #.... #..# #.#
##... #..#######.#
##.# #..........#
#.# ##.####...##
######.# #hh@h.....#
#......# ######...##
#.#####. ##.#####.#
#. #.# #...# #.
##### #.# #.### #.
#...###.###.#######.
#...................
#...###.###.######..
##.## #.# #.# #..


You could see 3 jackals.

Vanquished Creatures
  A dart slug (D:1)
  2 bats (D:1)
  4 hobgoblins (D:1)
  A jackal (D:1)
  2 ball pythons
  A frilled lizard (D:1)
  A kobold (D:1)
  A rat (D:1)
13 creatures vanquished.

Notes
Turn   | Place    | Note
-------+----------+-------------------------------------------
     0 | D:1      | SensoryNuts the Demonspawn Fighter began the quest for the
                  | Orb.
     0 | D:1      | Reached XP level 1. HP: 18/18 MP: 1/1
    80 | D:1      | Found Deklo's Assorted Antiques.
   462 | D:1      | Discovered your monstrous ancestry.
   462 | D:1      | Gained mutation: You have a small tail. [demonic ancestry]
   462 | D:1      | Reached XP level 2. HP: 23/24 MP: 2/2
   974 | D:1      | HP: 1/24 [jackal (1)]
   974 | D:1      | Slain by a jackal

Illustrated notes

Levels and vault maps discovered:
D:1:      lightli_arrival_quake, layout_loops_ring, serial_shops,
          nicolae_shop_window_shopping, feat_on_display
D:2:      layout_rooms, hellmonk_ecumenical_altar_slurped_away,
          grunt_decor_junction

Action                   || total
-------------------------++-------
Melee: Long sword        ||    58
       Tailslap          ||     1
Armor: Scale mail        ||    55
Dodge: Dodged            ||    45
Block: Buckler           ||    30
